Cogmind - Beta 15 @@@ ROGUE MODE // 2025.05.16 @ 01:35:18 Player: Darcyisverycute Result: Destroyed by Y-54 Guardian with Gatling Laser Performance ------------- Evolutions (0) 0 Regions Visited (3) 600 Robots Destroyed (24) 120 Value Destroyed (528) 528 Prototype IDs (2) 40 Alien Tech Used (0) 0 Bonus (0) 0 TOTAL SCORE: 1288 Bonus ------- None Cogmind --------- Core Integrity 0/250 Matter 249/300 Energy 99/100 System Corruption 3% Temperature Warm (129) Movement Core (50) Location -7/Recycling Parts ------- > --- POWER (1) -------- (None) > --- PROPULSION (2) --- (None) > --- UTILITY (2) ------ (None) > --- WEAPON (2) ------- (None) > --- INVENTORY (5) ---- Improved Terrain Scanner Authchip [Armor] Subdweller Beam Cannon Subdweller Machine Gun Dirty Datajack (17) Peak State ------------ > --- POWER ------------ Ion Engine > --- PROPULSION ------- Light Treads Light Treads > --- UTILITY ---------- Scrap Shield > --- WEAPON ----------- Subdweller Machine Gun Dirty Datajack > --- INVENTORY -------- Improved Terrain Scanner Subdweller Beam Cannon Subdweller Machine Gun Rocket Launcher Rocket Launcher [Rating: 16] Favorites ----------- Power Ion Engine Engine Ion Engine Propulsion Light Treads Treads Light Treads Utility Scrap Shield Device Seismic Detector Storage Small Storage Unit Protection Scrap Shield Weapon Subdweller Machine Gun Energy Gun EM Pulse Gun Energy Cannon Subdweller Beam Cannon Ballistic Gun Subdweller Machine Gun Launcher Rocket Launcher Special Melee Weapon Dirty Datajack Build | -11 -10 -10 -7 ------- Run | Yrd Mat Sub Rec Slots Evolved . | . . . . Power . | . . . . Propulsion . | . . . . Utility . | . . . . Weapon . | . . . . Parts Attached 19 | 8 . 7 4 Power 1 | 1 . . . Engine 1 | 1 . . . Core . | . . . . Reactor . | . . . . Propulsion 4 | 2 . . 2 Treads 4 | 2 . . 2 Leg . | . . . . Wheel . | . . . . Hover . | . . . . Flight . | . . . . Utility 4 | 3 . 1 . Device 2 | 2 . . . Storage 1 | 1 . . . Processor . | . . . . Hackware . | . . . . Protection 1 | . . 1 . Artifact . | . . . . Weapon 10 | 2 . 6 2 Energy Gun 5 | 2 . 3 . Energy Cannon 1 | . . . 1 Ballistic Gun 2 | . . 2 . Ballistic Cannon . | . . . . Launcher 1 | . . 1 . Special Weapon . | . . . . Impact Weapon . | . . . . Slashing Weapon . | . . . . Piercing Weapon . | . . . . Special Melee Weapon 1 | . . . 1 Unidentified Prototypes . | . . . . Parts Lost 6 | . . 1 5 Power 1 | . . . 1 Propulsion 2 | . . . 2 Utility . | . . . . Weapon 3 | . . 1 2 Highest Loss Streak 5 | . . 1 5 To Critical Strikes . | . . . . Average Backups 5 | 1 6 5 5 Power . | . 1 . . Propulsion . | . . . . Utility . | . 1 1 1 Weapon 3 | . 4 3 3 Tool/Special . | . . . . Unused Backups 6 | . . 5 1 Power 1 | . . 1 . Propulsion . | . . . . Utility . | . . . . Weapon 5 | . . 4 1 Tool/Special . | . . . . Average Slot Usage (%) 88 | . 100 89 84 Engine 14 | . 14 14 14 Treads 28 | . 28 28 28 Device 3 | . 14 3 . Storage 3 | . 14 3 . Protection 9 | . . 10 13 Energy Gun 8 | . 28 8 . Ballistic Gun 17 | . . 18 23 Special Melee Weapon 1 | . . . 3 Peak Build Rating 16 | 9 8 12 16 Average Rating 10 | 5 7 11 12 On Entrance 6 | . 7 8 12 Naked Turns 2 | . . . 2 Heaviest Build 35 | 15 15 31 35 Greatest Support 40 | 40 40 40 40 Greatest Overweight (x) . | . . . . Average Overweight (x) . | . . . . Largest Inventory Capacity 8 | 8 8 8 5 Average Capacity 5 | 7 8 5 5 Most Carried 8 | 3 8 8 5 Average Carried 5 | 1 6 5 5 Final Capacity 8 | 8 8 5 5 Final Carried 8 | 3 8 5 5 Class Distribution -------------------- 50% | Subdweller-Mutant 42% | Mutant 7% | Scavenger-Mutant Dominant Class ---------------- Mutant | -10/Materials Subdweller-Mutant | -10/Subcaves Subdweller-Mutant | -7/Recycling Resources | -11 -10 -10 -7 ----------- Run | Yrd Mat Sub Rec Matter Collected 615 | 280 . 120 215 Remotely . | . . . . Salvage Created 1103 | 139 160 244 560 Parts 52 | 11 13 22 6 Haulers Intercepted . | . . . . Recyclers Shooed 1 | . . . 1 Parts Field Recycled . | . . . . Retrieved Matter . | . . . . Parts Self-Destructed 10 | . . 10 . Prevented . | . . . . Kills | -11 -10 -10 -7 ------- Run | Yrd Mat Sub Rec Combat Hostiles Destroyed 13 | . 6 6 1 Guns 13 | . 6 6 1 Classes Destroyed 8 | 2 2 3 1 Tunneler 2 | 2 . . . Recycler 7 | 1 . . 6 Turret 2 | . . 2 . Swarmer 4 | . 4 . . Grunt 2 | . 2 . . Sentry 1 | . . . 1 Artisan 1 | . . 1 . Subdweller 6 | . . 6 . Best Kill Streak 4 | 3 4 2 3 Combat Bots Only 4 | . 4 2 1 Max Kills in Single Turn 1 | 1 1 1 1 Gunslinging . | . . . . Exploded . | . . . . Melee . | . . . . Uniques/NPCs Destroyed . | . . . . Combat | -11 -10 -10 -7 -------- Run | Yrd Mat Sub Rec Hostile Shots Fired 177 | . 23 58 96 Missed 58 | . 8 18 32 Hits 119 | . 15 40 64 Melee 1 | . . . 1 Projectile 118 | . 15 40 63 Damage Taken 1462 | . 121 706 635 Core 253 | . 20 108 125 Absorbed by Shields . | . . . . Core Remaining (%) 100 | 100 . . . Volleys Fired 91 | 5 12 45 29 Largest 2 | 2 2 2 2 Hottest 110 | 80 80 90 110 Shots Fired 158 | 10 24 76 48 Gun 145 | 10 24 69 42 Cannon 4 | . . . 4 Launcher 9 | . . 7 2 Special . | . . . . Kinetic 81 | . . 39 42 Thermal 18 | . . 14 4 Explosive 9 | . . 7 2 Electromagnetic 50 | 10 24 16 . Robot Hit Streak 16 | 6 4 16 11 Robot Miss Streak 5 | 1 5 1 2 Penetration Max . | . . . . Secondary Targets 3 | . 2 1 . Max Gunslinging Chain 1 | . 1 1 . Shots Hit Robots 105 | 7 13 46 39 Core Hits 52 | 4 8 24 16 Critical Kills . | . . . . Critical Parts Destroyed 2 | . . 1 1 Critical Strikes 2 | . . 1 1 Destroy 2 | . . 1 1 Melee Attacks 3 | . . . 3 Impact . | . . . . Slashing . | . . . . Piercing 3 | . . . 3 Sneak Attacks 2 | . . . 2 Combat Hostiles 1 | . . . 1 Follow-up Attacks . | . . . . Damage Inflicted 1911 | 91 212 825 783 Guns 1591 | 91 174 730 596 Cannons 27 | . . . 27 Explosions 280 | . 38 95 147 Melee 13 | . . . 13 Ramming . | . . . . Kinetic 1060 | . . 464 596 Thermal 186 | . 38 121 27 Explosive 242 | . . 95 147 Electromagnetic 410 | 91 174 145 . Impact . | . . . . Slashing . | . . . . Piercing 13 | . . . 13 Highest Corruption 3 | . . . 3 Average Corruption 2 | . . . 2 Corruption Purged . | . . . . Corruption Blocked . | . . . . Effects 1 | . . . 1 Heat Flow Errors 1 | . . . 1 Overload Shots . | . . . . Overflow Damage 2 | . . . 2 Projectiles . | . . . . Explosions 2 | . . . 2 Melee . | . . . . Knockbacks . | . . . . Impact . | . . . . Kinetic . | . . . . Secondary . | . . . . Self-Inflicted Damage 72 | . . 31 41 Shots 2 | . . 1 1 Rammed . | . . . . Targets Rammed . | . . . . Kicked . | . . . . Crushed . | . . . . Highest Temperature 210 | 54 96 11 210 Average Temperature 57 | 23 38 11 99 Received Heat Transfer 345 | . 12 213 120 Siege Activations . | . . . . Martial Activations . | . . . . Shielding Activations . | . . . . Robots Disrupted . | . . . . Combat Hostiles . | . . . . Robots Corrupted . | . . . . Combat Hostiles . | . . . . Parts Fried . | . . . . Impact Corruptions . | . . . . Robots Melted . | . . . . Combat Hostiles . | . . . . Parts Melted . | . . . . Heat Transferred 312 | . 50 225 37 Parts Sabotaged . | . . . . Parts Stolen . | . . . . Parts Stripped . | . . . . Power Chain Reactions 1 | . 1 . . Alert | -11 -10 -10 -7 ------- Run | Yrd Mat Sub Rec Maximum Alert Level . | . . . . Low Security (%) 100 | 100 100 . 100 Level 1 . | . . . . Level 2 . | . . . . Level 3 . | . . . . Level 4 . | . . . . Level 5 . | . . . . High Security . | . . . . Max Security . | . . . . Peak Influence 127 | 5 127 . 78 Initial 58 | . . . 58 Average 23 | 1 59 . 11 Influence Increases 520 | 15 227 130 148 Destroy 0b10 Robot/C 180 | . 120 40 20 Destroy 0b10 Robot/NC 50 | 15 . . 35 Destroy Leader 30 | . 30 . . Select Force Hacks 60 | . . . 60 Disable Machine 15 | . . . 15 Destroy Structure 20 | . 2 . 18 Lose Combat Pursuer 165 | . 75 90 . Influence Decreases 520 | 15 160 75 270 Entered New Map 97 | . . 33 64 Time Decay 386 | 15 160 32 179 Lost Part 37 | . . 10 27 Squads Dispatched 3 | . 3 . . Investigation 1 | . 1 . . Extermination . | . . . . Reinforcement 2 | . 2 . . Assault . | . . . . Garrison . | . . . . Intercept . | . . . . Searches Triggered . | . . . . Construction Impeded . | . . . . Haulers Reinforced . | . . . . Active Scanning Responses . | . . . . Cargo Convoy Interrupts . | . . . . Stealth | -11 -10 -10 -7 --------- Run | Yrd Mat Sub Rec Distress Signals 3 | . 3 . . Communications Jammed . | . . . . Distress Signals . | . . . . Times Spotted 26 | . 11 10 5 Peak Tracking Total 4 | . 4 2 4 Tactical Retreats 3 | . 2 1 . Traps | -11 -10 -10 -7 ------- Run | Yrd Mat Sub Rec Traps Triggered 1 | . 1 . . Indirectly . | . . . . Trap Hack Attempts . | . . . . Triggered . | . . . . Disarmed . | . . . . Reprogrammed . | . . . . Reused . | . . . . Traps Extracted . | . . . . Installed . | . . . . Triggered . | . . . . Machines | -11 -10 -10 -7 ---------- Run | Yrd Mat Sub Rec Machines Disabled 5 | . . 4 1 Max in Single Turn 2 | . . 2 1 Machines Repaired . | . . . . Machines Dismantled . | . . . . Machines Sabotaged . | . . . . Overloaded Fab Kills . | . . . . Hacking | -11 -10 -10 -7 --------- Run | Yrd Mat Sub Rec Machines Accessed 6 | . 1 . 5 Terminals 4 | . 1 . 3 Fabricators . | . . . . Repair Stations . | . . . . Recycling Units 2 | . . . 2 Scanalyzers . | . . . . Garrison Access . | . . . . Total Hacks 8 | . 2 . 6 Successful 3 | . 1 . 2 Failed 5 | . 1 . 4 Catastrophic 4 | . 1 . 3 Database Lockouts . | . . . . Manual 6 | . 1 . 5 Terminals 6 | . 2 . 4 Fabricators . | . . . . Repair Stations . | . . . . Recycling Units 2 | . . . 2 Scanalyzers . | . . . . Garrison Access . | . . . . Terminal Hacks 1 | . 1 . . Prototype ID Bank 1 | . 1 . . Fabricator Hacks . | . . . . Repair Station Hacks . | . . . . Recycling Unit Hacks . | . . . . Scanalyzer . | . . . . Garrison Access Hacks . | . . . . Unauthorized Hacks 2 | . . . 2 Terminals . | . . . . Fabricators . | . . . . Repair Stations . | . . . . Recycling Units 2 | . . . 2 Tunnel 2 | . . . 2 Scanalyzers . | . . . . Garrison Access . | . . . . Data Cores Recovered . | . . . . Used . | . . . . Hacking Detections 4 | . 1 . 3 Full Trace Events . | . . . . Feedback Events . | . . . . Feedback Blocked . | . . . . Robot Schematics Acquired . | . . . . Robots Built . | . . . . Authchips . | . . . . Time . | . . . . Total Robot Build Rating . | . . . . Part Schematics Acquired . | . . . . Parts Built . | . . . . Authchips . | . . . . Time . | . . . . Total Part Build Rating . | . . . . Parts Repaired . | . . . . Time . | . . . . Parts Recycled . | . . . . Recycled Matter . | . . . . Retrieved Matter . | . . . . Retrieved Components . | . . . . Parts Scanalyzed . | . . . . Part Schematics Acquired . | . . . . Parts Damaged . | . . . . Bothacking | -11 -10 -10 -7 ------------ Run | Yrd Mat Sub Rec Used RIF Installer . | . . . . Robots Hacked . | . . . . Non-combat . | . . . . Combat . | . . . . Robot Hacks Applied . | . . . . Relay Couplers Released . | . . . . Fabnet Peak Effective % . | . . . . Robots Rewired . | . . . . Allies Hacked . | . . . . Hacks Repelled . | . . . . Allies | -11 -10 -10 -7 -------- Run | Yrd Mat Sub Rec Total Allies . | . . . . Largest Group . | . . . . Highest-Rated Group . | . . . . Highest-Rated Ally . | . . . . Total Orders . | . . . . Ally Attacks . | . . . . Total Damage . | . . . . Kills . | . . . . Allies Corrupted . | . . . . Allies Melted . | . . . . Intel | -11 -10 -10 -7 ------- Run | Yrd Mat Sub Rec Active Infowar (turns) 604 | 34 362 208 . Terrain 16 | 16 . . . Seismic 588 | 18 362 208 . Robot Analysis Total . | . . . . Derelict Logs Recovered 1 | . . 1 . Drone Launches . | . . . . Drone Recoveries . | . . . . Exploration | -11 -10 -10 -7 ------------- Run | Yrd Mat Sub Rec Turns Passed 2205 | 111 362 796 936 Spaces Moved 1127 | 52 154 393 528 Core 8 | 4 . . 4 Treads 1119 | 48 154 393 524 Legs . | . . . . Wheels . | . . . . Hover . | . . . . Flight . | . . . . Fastest Speed 50 | 50 160 160 50 Average Speed 159 | 151 160 160 159 Slowest Speed 160 | 160 160 160 160 Overloaded Moves . | . . . . Propulsion Burnouts . | . . . . Robots Hopped . | . . . . Potential Cave-ins . | . . . . Cave-ins Triggered . | . . . . Exploration Rate (%) 36 | 4 40 23 79 Regions Visited 3 Branch Regions 2 Pre-discovered Areas 3 | . . 1 2 Known Exits Taken . | . . . . Unknown Exits Taken 3 | 1 1 1 . Scrap Searched 6 | . . 6 . Spaces Dug . | . . . . Terrain Destroyed 63 | . 2 46 15 Melee . | . . . . Projectile 5 | . . . 5 AOE 58 | . 2 46 10 Terrain Rammed . | . . . . Walls Destroyed . | . . . . Machines Disabled . | . . . . Actions | -11 -10 -10 -7 --------- Run | Yrd Mat Sub Rec Total 1378 | 71 246 485 576 Wait 104 | 3 76 22 3 Move 1124 | 51 153 392 528 Hop . | . . . . Pick Up 16 | 4 5 6 1 Fast Attach 8 | 6 . 2 . Attach 3 | 1 . 2 . Detach 1 | . . 1 . Swap 12 | 1 . 3 8 Drop 12 | . . 8 4 Fire 91 | 5 12 45 29 Melee 3 | . . . 3 Ram . | . . . . Kick . | . . . . Crush . | . . . . Escape Stasis . | . . . . Rewire . | . . . . Trap . | . . . . Miscellaneous 4 | . . 4 . Route ------- -11/Scrapyard -10/Materials (discovered 3 exits: [*Mat] / [*Min] / [*Sub]) -10/Subcaves -7/Recycling History --------- Turn | Location | Event 27 | -11/Scrapyard | Discovered new exit (range 16) 112 | -11/Scrapyard | Entered Materials 305 | -10/Materials | Build established: Mutant 346 | -10/Materials | Discovered new exit (range 12) 387 | -10/Materials | Discovered new exit (range 15) 464 | -10/Materials | Discovered new exit (range 2) 474 | -10/Materials | Entered Subcaves 475 | -10/Subcaves | Approached by a straggling Scientist 1131 | -10/Subcaves | Build established: Subdweller-Mutant 1168 | -10/Subcaves | Learned location of Storage (-7) 1243 | -10/Subcaves | Discovered new exit (range 12) 1248 | -10/Subcaves | Core integrity fell below 50% 1270 | -10/Subcaves | Entered Recycling 2201 | -7/Recycling | Core integrity fell below 20% 2206 | -7/Recycling | Destroyed by Y-54 Guardian with Gatling Laser Last Messages --------------- 01820_ Acquired 8 matter. 02164_ U-05 Engineer builds a Wall. 02170_ Processing Tank disabled. 02174_ Y-54 Guardian springs to life. 02179_ Dropped Scrap Shield. 02181_ Dropped Rocket Launcher. 02181_ Acquired Corrupted Authchip [Armor]. 02186_ R-06 Scavenger collects Scrap Shield. 02190_ R-06 Scavenger collects Rocket Launcher. 02192_ Destroyed Gravmag System. 02199_ System corrupted: Heat flow error (+118). 02199_ Destroyed Shock Rifle. 02199_ Sub. Machine Gun destroyed. 02199_ Destroyed Sub. Machine Gun. 02200_ P-60 Hacker destroyed. 02202_ R-06 Scavenger destroyed. 02203_ Lgt. Treads destroyed. 02204_ Rocket Launcher destroyed. 02204_ Lgt. Treads destroyed. 02204_ Ion Engine destroyed. Map ----- +----------------------------------------------------+ | | | | | | | | | | | ????????????????????????????????????????????????? | | ????????????????????????????????????????????????? | | ????????????????????????????????????????????????? | | ????????????????????????????????????????????????? | | ????????????????????????????????????????????????? | | ????????????????????????????????????????????????? | | ????????????????????????????????????????????????? | | ????????????????????????????????????????????????? | | ????????????????????????????????????????????????? | | ????????????????????????????????????????????????? | | ????????????????????????????????????????????????? | | ?????###????????????????????????????????????????? | | ??#### #######?##########???????????????????????? | | ??# #?# !#???????????????????????? | | ??#= / #?#!! ! #???????????????????????? | | ??# #?# ! !!! #???????????????????????? | | ??# / ### #???????????????????????? | | ??# # #?????????? ????????????? | | ??# ! # !% #?##????? ????????????? | | ??# # # Y l#### #### ????????? | | ??# !%Y @ ????????? | | ??# ????????? | | ??# = "" ????????? | | ??# "" # #############?????????? | | ??# % ## """ ###?????????????????????? | | ??# ## """ u #????################?### | | ?# ## """ #????? #?# | | ?## ## #?????? % ! #?# | | ??############# #????? = ! ] | #?# | | ?????????###### """ ##### ?? % ![* #?# " | | ?????????# !!## """ +???? ! ?? ! ???# " | | ?????##### ## """ ##?#+##+#####+#????# " | | ?????# """ #??# #????# | | ?????# """ #??#### ##???# " | | ?????# #???#"" """ T#???# " | | ?????# ## #???#"Y """ ##???# " | | ?????# ## """ #???#"" """ #????# | | ?????# ######## """ #???### ######## | | ?????# #??????# """ #?????# | | ?????# #?????## """ #######+###########+## | | ?????# #?????# """ #### | | ???###+####### #??# | | ???# # #??# """"" """"" """"" | | ???# # """ #??# """"" """"" "?""" | | ???# "" # """ #### """"" """"" """"" | +----------------------------------------------------+ Best States ------------- Heat Dissipation 25 Energy Generation 10 Energy Capacity 250 Matter Stores 300 Matter Capacity 300 Sight Range 16 Terrain Scan Range 16 Terrain Scan Density 10 Armor Coverage 800 Evasion (%) 40 Recoil Reduction 2 Authchip Count 1 Item Schematics ----------------- None Robot Schematics ------------------ None Fabricated ------------ Nothing Repaired ---------- Nothing Alien Tech Used ----------------- None Achievements -------------- None Challenges ------------ None Game ------ Seed CargoChargeDissipator Manual? 1 Play Time 00:12:27 Cumulative 203.6 hours Start 2025.05.16 @ 01:23:05 End 2025.05.16 @ 01:35:18 Sessions 1 Manual Loads 0 Difficulty Rogue Special Mode None Game No. 111 Rogue 103 Adventurer 8 Explorer 0 Win Type - Total 6 Types 2/0/2/1/0/0/0/0/0/1 Lore% 79 Gallery% 74 Achievement% 62 Wizard Run 0 Options --------- Layout 2 ASCII 0 Keyboard 1 Movement Numpad Keybinds 1 Fullscreen 1 Font 48/Smallcaps Map View 50x44 Zoom Use 0% Tactical HUD 1 Map Filters NONE Filters NONE Steam 1 RUN: 8c3d6399-eb0f-444c-98cd-d15cbbe95389